 Dungeon Crawl Stone Soup version 0.23.2-1-ga50397a6bc (webtiles) character file.

Game seed: 17315130578339864306

32 MisterOstroum the Slasher (level 3, -1/27 HPs)
             Began as a Demonspawn Gladiator on Apr 19, 2019.
             Slain by a gnoll (4 damage)
             ... on level 1 of the Dungeon on Apr 20, 2019.
             The game lasted 00:05:45 (774 turns).

MisterOstroum the Slasher (Demonspawn Gladiator)     Turns: 774, Time: 00:05:45

Health: -1/27      AC:  4    Str: 14    XL:     3   Next: 10%
Magic:  3/3        EV: 12    Int: 14    God:
Gold:   53         SH:  0    Dex: 15    Spells: 2/2 levels left

rFire    . . .     SeeInvis .   l - +2 dagger (venom)
rCold    . . .     Gourm    .   (no shield)
rNeg     . . .     Faith    .   b - +0 leather armour
rPois    .         Spirit   .   (helmet restricted)
rElec    .         Reflect  .   (no cloak)
rCorr    .         Harm     .   (no gloves)
MR       .....                  (no boots)
Stlth    +.........             (no amulet)
HPRegen  0.09/turn              (no ring)
MPRegen  0.08/turn              (no ring)

@: brilliant
A: horns 1, rugged brown scales 1
a: no special abilities


You were on level 1 of the Dungeon.
You were not hungry.

You visited 1 branch of the dungeon, and saw 2 of its levels.

You collected 53 gold pieces.

Inventory:

Hand Weapons
 a - a +0 long sword
 l - a +2 dagger of venom (weapon)
Missiles
 d - 3 throwing nets
 g - 36 stones (quivered)
Armour
 b - a +0 leather armour (worn)
 c - a +0 helmet
 e - a cursed +0 ring mail
Scrolls
 i - 5 scrolls of identify {unknown}
 j - 2 scrolls of immolation {unknown}
Comestibles
 f - a ration


   Skills:
 + Level 2.0 Fighting
 * Level 3.3 Long Blades
 - Level 1.7 Throwing
 - Level 1.5 Armour
 - Level 2.6 Dodging


You had 2 spell levels left.
You didn't know any spells.
Your spell library was empty.

Dungeon Overview and Level Annotations

Branches:
Dungeon (2/15)

Altars:


Innate Abilities, Weirdness & Mutations

You have a pair of small horns on your head.
You are partially covered in rugged brown scales. (AC +1, +3% HP)


Message History

The gnoll hits you but does no damage. The adder bites you but does no damage.
The gnoll hits you with a +0 flail.
* * * LOW HITPOINT WARNING * * *
As you read the scroll labeled ZIABYR AHOQ, it crumbles to dust.
You feel aware of your surroundings.
It was a scroll of magic mapping.
The adder closely misses you. The gnoll misses you.
Unknown command.
The gnoll barely misses you. The adder bites you but does no damage.
The gnoll hits you but does no damage. The adder bites you but does no damage.
The gnoll misses you. The gnoll hits you.
* * * LOW HITPOINT WARNING * * *
The adder misses you.
You hit the gnoll but do no damage. The gnoll barely misses you.
The adder barely misses you. The gnoll barely misses you.
You hit the gnoll but do no damage.
The gnoll is poisoned.
You headbutt the gnoll.
The gnoll is heavily wounded.
The adder barely misses you. The gnoll hits you.
You die...

#..## #..# #..#
#### *#### ###≈≈≈#
##≈≈≈≈#* ##≈≈≈≈#*
########≈≈≈≈######
.^.....≈≈≈≈...bg@#
.......≈≈≈.....Sg#
.......≈≈≈.......#
......≈≈≈≈.......#
......≈≈≈≈.......#
......≈≈≈≈.......#
......≈≈≈........#
......≈≈≈........#
.....≈≈≈≈.......<#


You could see 2 gnolls, an adder and a bat.

Vanquished Creatures
  An ooze (D:1)
  3 dart slugs (D:1)
  2 bats (D:1)
  5 goblins (D:1)
  4 hobgoblins (D:1)
  2 kobolds (D:1)
  A frilled lizard (D:1)
  3 rats (D:1)
21 creatures vanquished.

Notes
Turn   | Place    | Note
-------+----------+-------------------------------------------
     0 | D:1      | MisterOstroum the Demonspawn Gladiator began the quest for
                  | the Orb.
     0 | D:1      | Reached XP level 1. HP: 16/16 MP: 1/1
    69 | D:1      | Reached skill level 3 in Long Blades
    69 | D:1      | Reached skill level 1 in Armour
    69 | D:1      | Gained mutation: You are partially covered in rugged brown
                  | scales. (AC +1, +3% HP) [demonic ancestry]
    69 | D:1      | Reached XP level 2. HP: 16/22 MP: 2/2
   412 | D:1      | Gained mutation: You have a pair of small horns on your
                  | head. [demonic ancestry]
   412 | D:1      | Reached XP level 3. HP: 27/27 MP: 3/3
   774 | D:1      | Slain by a gnoll

Skill      XL: |  1 |
---------------+----+-----
Long Blades    | 3 |  3.3
Armour         | 1 |  1.5
Fighting       | |  2.0
Throwing       | |  1.7
Dodging        | |  2.6

Action                   || total
-------------------------++-------
Melee: Long sword        ||    44
       Dagger            ||     2
       Headbutt          ||     2
Throw: Throwing net      ||     3
  Use: Scroll            ||     2
       Potion            ||     1
Armor: Leather armour    ||    18
Dodge: Dodged            ||    45
       Rpst.: Long sword ||    10
